cohdb
Replays
Latest Replays
All Replays
Popular Replays
Top Player Replays
Match Explorer
How It Works
Community
CoH3 Stats
Reddit
Sign in to upload your games and track your stats! →
Sign in with Steam
Match 42048061
Unlisted
Match 42048061
Overview
Messages
Build Orders
End
Vickers Machine Gun Team
Construct Section Command Post
Selects Australian Defense Battlegroup
Selects Australian Light Infantry Section
Dingo Light Scout Car
Infantry Section
Infantry Section
Infantry Section
Selects 2-pounder Anti-tank Gun Team
2-pounder Anti-tank Gun Team
Construct Platoon Command Post
Unlock Bishop Self-propelled Artillery
2-pounder Anti-tank Gun Team
Bishop Self-propelled Artillery
Bishop Self-propelled Artillery
CMP 15cwt Truck
Light Vehicle Training
Selects Vehicle Over Repair
Royal Engineer Section
Grenade Package
Construct Company Command Post
Tirant
Oziligath
UMirinBrah?
Dark Angels
유파_Yupa
msw.*****
仙台葉月@宮城のけち
.
0
0
Comments
sign in to comment!
No comments posted yet!